 Dungeon Crawl Stone Soup version 0.30-a0-330-g8f2769a82d (webtiles) character file.

Game seed: 4770388591261819562

107 Engwar the Insei (level 4, -1/28 HPs)
             Began as an Octopode Transmuter on Oct 29, 2022.
             Slain by a goblin
             ... wielding a +0 club
             ... led by Robin
              (6 damage)
             ... on level 2 of the Dungeon.
             The game lasted 00:07:25 (2173 turns).

Engwar the Insei (Octopode Transmuter)              Turns: 2173, Time: 00:07:26

Health: -1/28      AC:  1    Str:  9    XL:     4   Next: 85%
Magic:  6/7        EV: 13    Int: 17    God:
Gold:   140        SH:  0    Dex: 12    Spells: 1/7 levels left

rFire   . . .      SeeInvis .      - Unarmed
rCold   . . .      Faith    .    (no shield)
rNeg    . . .      Spirit   .    (helmet restricted)
rPois   .          Reflect  .    (no amulet)
rElec   .          Harm     .    (no ring)
rCorr   .          Rampage  .    (no ring)
Will    .....                    (no ring)
Stlth   +++.......               (no ring)
HPRegen 0.24/turn                (no ring)
MPRegen 0.10/turn                (no ring)
                                 (no ring)
                                 (no ring)

@: wereblooded
A: almost no armour, amphibious, 8 rings, camouflage 1, gelatinous body 1,
(nimble swimmer 1), tentacles
a: no special abilities


You were on level 2 of the Dungeon.
You visited 1 branch of the dungeon, and saw 2 of its levels.

You collected 140 gold pieces.

Inventory:

Missiles
 j - 5 curare-tipped darts
Scrolls
 b - a scroll of enchant armour {unknown}
 f - a scroll of identify {unknown}
 i - a scroll of torment {unknown}
Potions
 c - 2 potions of curing
 d - a potion of degeneration {unknown}
 e - a potion of heal wounds {unknown}
 h - a potion of invisibility


   Skills:
 - Level 1.0 Fighting
 - Level 2.0 Dodging
 - Level 2.3 Stealth
 + Level 3.9 Unarmed Combat
 - Level 2.0 Spellcasting
 + Level 3.2 Transmutations
 + Level 1.9 Poison Magic


You had one spell level left.
You knew the following spells:

 Your Spells              Type           Power      Damage    Failure   Level
a - Beastly Appendage     Tmut           24%        N/A       5%          1
b - Wereblood             Tmut           12%        N/A       8%          2
c - Spider Form           Tmut/Pois      10%        N/A       21%         3

Your spell library contained the following spells:

 Spells                   Type           Power      Damage    Failure   Level
 Gell's Gravitas          Tloc           1%         N/A       50%         3
 Teleport Other           Tloc           1%         N/A       50%         3
 Ice Form                 Ice/Tmut       7%         N/A       69%         4
 Dispersal                Tloc           0%         N/A       100%        6


Dungeon Overview and Level Annotations

Branches:
Dungeon (2/15)

Altars:

Annotations:
D:2 1 runed translucent door, Crazy Yiuf, Robin


Innate Abilities, Weirdness & Mutations

You cannot wear most types of armour.
You are amphibious.
You can wear up to eight rings at the same time.
Your skin changes colour to match your surroundings (Stealth+).
Your rubbery body absorbs attacks. (AC +1, EV +1)
((You are camouflaged when in or above water. (Stealth+)))
You have tentacles for arms and can constrict up to eight enemies at once.


Message History

The goblin hits you with a +1 dagger of distortion.
Space warps around you.
A goblin comes into view. It is wielding a +2 dagger of draining.
You completely miss something. Something barely misses you.
The goblin hits you but does no damage. Space warps around you.
A hobgoblin comes into view.
You tentacle-slap something but do no damage.
Your squeeze misses something.
The hobgoblin goes into a battle-frenzy!
The goblin completely misses you.
You tentacle-slap the goblin.
You feel a bit better.
You kill the goblin!
Your tentacle spike disappears.
Something hits you. Something hits you.
Things that are here:
a +1 dagger of distortion; a goblin corpse You barely miss something.
You squeeze something. Something hits you.
You closely miss something.
You howl as the wereblood boils in your veins!
Something hits you but does no damage.
You closely miss something. Your squeeze misses something.
You howl as the wereblood boils in your veins!
Something hits you.
* * * LOW HITPOINT WARNING * * *
You barely miss something. Something throws the goblin at you!
* * * LOW HITPOINT WARNING * * *
The goblin hits you with a +0 club.
* * * LOW HITPOINT WARNING * * *
It was a potion of curing.
You feel better.
You howl as the wereblood boils in your veins!
Something hits you but does no damage. The goblin misses you.
You tentacle-slap the goblin.
You feel a bit better.
You kill the goblin!
The goblin no longer looks unusually strong.
Something hits you.
* * * LOW HITPOINT WARNING * * *
You tentacle-slap something. Something throws the goblin at you!
The goblin hits you with a +0 club.
You die...

##.รท..........#
#.###.#####.##
#.# #.# #.# #.#
#.#####.#####
#.#
#......#..).#
#.#
#######.###.#
#.#########.#
#)#
#...)....##.#
#g#
########.##.#
#@# #....# #{#
#..### #g# #..#
#.# #..# #g#
#..# #.#### #..#
#....# #..#
####g# ## #..#
.#


You could see a hobgoblin (strong) and 2 goblins.

Vanquished Creatures
  Natasha (twice) (D:2)
  An adder (D:2)
  A worm (D:2)
  A dart slug (D:2)
  2 ball pythons (D:2)
  5 bats
  3 endoplasms
  9 goblins
  3 hobgoblins
  3 jackals (D:1)
  3 kobolds
  A quokka (D:2)
  A frilled lizard (D:2)
  6 rats
41 creatures vanquished.

Notes
Turn   | Place    | Note
-------+----------+-------------------------------------------
     0 | D:1      | Engwar the Octopode Transmuter began the quest for the Orb.
     0 | D:1      | Reached XP level 1. HP: 13/13 MP: 3/3
   196 | D:1      | Found a faded altar of an unknown god.
   218 | D:1      | Reached skill level 1 in Stealth
   282 | D:1      | Reached XP level 2. HP: 18/18 MP: 5/5
   292 | D:1      | Learned a level 2 spell: Wereblood
  1063 | D:2      | Reached XP level 3. HP: 19/23 MP: 4/6
  1241 | D:2      | Found a runed translucent door.
  1242 | D:2      | Noticed Crazy Yiuf
  1309 | D:2      | Noticed Natasha
  1527 | D:2      | Learned a level 3 spell: Spider Form
  1555 | D:2      | Killed Natasha
  1556 | D:2      | Reached skill level 1 in Poison Magic
  1556 | D:2      | Reached XP level 4. HP: 8/28 MP: 1/7
  1572 | D:2      | Noticed Natasha
  1610 | D:2      | Killed Natasha
  2133 | D:2      | Noticed Robin
  2170 | D:2      | HP: 1/28 [goblin/+0 club[Robin] (6)]
  2173 | D:2      | Slain by a goblin

Illustrated notes

Levels and vault maps discovered:
D:1:      dpeg_arrival_erosion, layout_loops_ring,
          shapermc_ecumenical_altar_pompeii, minmay_parallelograms
D:2:      layout_loops_ring, minmay_box_of_dots, uniq_crazy_yiuf_cottage,
          uniq_natasha, uniq_robin

Skill      XL: |  1  2  3  4 |
---------------+-------------+-----
Stealth        | 1 2 |  2.3
Poison Magic   | 1 |  1.9
Transmutations | 3 |  3.2
Fighting       | |  1.0
Dodging        | |  2.0
Unarmed Combat | |  3.9
Spellcasting   | |  2.0

Action                   |  1- 3 |  4- 6 || total
-------------------------+-------+-------++-------
Melee: Unarmed           |    67 |    33 ||   100
       Constrict         |    15 |     4 ||    19
       Kick              |    12 |     5 ||    17
       Tentacles         |     9 |     4 ||    13
       Punch             |     1 |     1 ||     2
 Cast: Beastly Appendage |    11 |     3 ||    14
       Wereblood         |     2 |     1 ||     3
  Use: Potion            |       |     3 ||     3
 Stab: Sleeping          |    10 |     1 ||    11
Armor: Skin              |     3 |     6 ||     9
Dodge: Dodged            |    40 |    14 ||    54

Table legend: (Time is in decaauts)
 A = Elapsed time spent in this place.
 B = Non-inter-level travel time spent in this place.
 C = Inter-level travel time spent in this place.
 D = Time resting spent in this place.
 E = Time spent auto-exploring this place.
 F = Levels seen in this place.
 G = Mean time per level.
                   A        B        C        D        E       F      G
               +--------+--------+--------+--------+--------+-----+--------+
         Total |   2173 |   2132 |     41 |    484 |   1181 |   2 | 1086.5 |
       Dungeon |   2173 |   2132 |     41 |    484 |   1181 |   2 | 1086.5 |
               +--------+--------+--------+--------+--------+-----+--------+

Top non-repeatable levels by time:
     D:2: 1168 daAuts
     D:1: 1004 daAuts
